 Dungeon Crawl Stone Soup version 0.30-a0-330-g8f2769a82d (webtiles) character file.

Game seed: 14555441475503212888

87 Kirkhe the Ruffian (level 4, 0/33 HPs)
             Began as a Demonspawn Gladiator on Oct 28, 2022.
             Killed by divine providence
             ... invoked by an orc priest
              (11 damage)
             ... on level 3 of the Dungeon.
             The game lasted 00:03:03 (1792 turns).

Kirkhe the Ruffian (Demonspawn Gladiator)           Turns: 1792, Time: 00:03:04

Health: 0/33       AC:  7    Str: 17    XL:     4   Next: 28%
Magic:  13/13      EV: 11    Int:  9    God:
Gold:   104        SH:  3    Dex: 14    Spells: 3/3 levels left

rFire   . . .      SeeInvis .      - Unarmed
rCold   . . .      Faith    .    e - +0 buckler
rNeg    . . .      Spirit   .    p - +0 ring mail
rPois   .          Reflect  .    b - +0 helmet
rElec   .          Harm     .    j - +0 cloak
rCorr   .          Rampage  .    (no gloves)
Will    .....      Rage     3%   (no boots)
Stlth   +.........               (no amulet)
HPRegen 0.25/turn                l - ring of magical power
MPRegen 0.13/turn                n - ring of flight

@: brilliant, lethally poisoned (0 -> -9), flying
A: powered by death 1, berserk 1, deterioration 1, sense surroundings 1
a: no special abilities


You were on level 3 of the Dungeon.
You visited 1 branch of the dungeon, and saw 3 of its levels.

You collected 104 gold pieces.

Inventory:

Missiles
 c - 3 throwing nets (quivered)
 d - a javelin
 u - 4 poisoned darts
Armour
 a - a +0 leather armour
 b - a +0 helmet (worn)
 e - a +0 buckler (worn)
 j - a +0 cloak (worn)
 p - a +0 ring mail (worn)
 s - a +0 helmet
Jewellery
 l - a ring of magical power (left hand)
 n - a ring of flight (right hand)
Scrolls
 f - a scroll of vulnerability {unknown}
 i - a scroll of immolation {unknown}
 k - a scroll of acquirement {unknown}
 o - a scroll of fog {unknown}
 q - a scroll of fear {unknown}
 v - a scroll of identify
Potions
 g - a potion of magic
 m - a potion of attraction


   Skills:
 + Level 2.2 Fighting
 + Level 2.1 Throwing
 + Level 1.5 Armour
 - Level 2.6 Dodging
 + Level 0.3 Shields
 + Level 3.9 Unarmed Combat


You had 3 spell levels left.
You didn't know any spells.
Your spell library was empty.

Dungeon Overview and Level Annotations

Branches:
Dungeon (3/15)

Altars:


Innate Abilities, Weirdness & Mutations

You regenerate a little health from kills.
You sometimes lose your temper in combat.
Your body sometimes deteriorates upon taking damage.
You passively map a small area around you.


Message History

The orc wizard is heavily wounded.
The dart slug launches a dart at you. The slug dart hits you.
Unknown command.
You hit the orc wizard.
The orc wizard is almost dead.
The orc wizard hits you with a +1 dagger of venom.
You are poisoned.
Unknown command.
You closely miss the orc wizard.
The orc wizard is almost dead.
You feel very sick. The dart slug launches a dart at you.
The slug dart hits you. The orc priest closely misses you.
The orc wizard hits you with a +1 dagger of venom.
Unknown command.
You barely miss the orc wizard.
The orc wizard is severely wounded.
You feel sick.
The orc priest hits you with a +0 dagger.
The orc wizard hits you but does no damage.
You are more poisoned.
The dart slug bites you but does no damage.
You hit the orc wizard.
The orc wizard is almost dead.
You feel very sick. The orc wizard completely misses you.
The orc priest calls upon Beogh to heal the orc wizard.
The orc wizard is healed somewhat.
Unknown command.
Unknown command.
It was a potion of mutation.
You feel extremely strange.
You feel a little pissed off.
You feel a strange attunement to the structure of the dungeons.
You feel yourself wasting away.
You feel very sick. The dart slug misses you.
The orc priest mumbles some strange prayers to Beogh against you.
Beogh smites you!
You die...

O.......# ,............ ,......#
## , , ...(..)... ##.....####>
#....#.### .,#...........##* *
#.##.#.#.. . #.#....###....*
#........# .##.#....# #....
#####..#.##### .#..########...o
#.....)#.##
........>.##..ow####......#..# ##
..o.......##..oo@.........##.###.
..........##...o####......##...#.
.o........##....* ###########...
..........##.... ###.
..........##.... #.
.O........######* #. ..[.......#
## .<.....<..# ..........


You could see an orc priest, an orc wizard, a dart slug and 3 orcs.

Vanquished Creatures
  4 adders (D:2)
  3 dart slugs
  5 ball pythons
  4 bats
  9 endoplasms
  A giant cockroach (D:2)
  5 goblins
  A hobgoblin (D:1)
  2 jackals (D:1)
  A quokka (D:2)
  3 frilled lizards
  4 kobolds (D:1)
  2 rats
44 creatures vanquished.

Notes
Turn   | Place    | Note
-------+----------+-------------------------------------------
     0 | D:1      | Kirkhe the Demonspawn Gladiator began the quest for the
                  | Orb.
     0 | D:1      | Reached XP level 1. HP: 16/16 MP: 1/1
   198 | D:1      | Reached skill level 3 in Unarmed Combat
   202 | D:1      | Gained mutation: You regenerate a little health from kills.
                  | [demonic ancestry]
   202 | D:1      | Reached XP level 2. HP: 14/22 MP: 2/2
   846 | D:2      | Reached XP level 3. HP: 27/27 MP: 3/3
  1085 | D:2      | Reached skill level 1 in Armour
  1286 | D:2      | Reached XP level 4. HP: 33/33 MP: 4/4
  1527 | D:3      | Noticed an ogre
  1638 | D:3      | Found a faded altar of an unknown god.
  1792 | D:3      | Gained mutation: You sometimes lose your temper in combat.
                  | [potion of mutation]
  1792 | D:3      | Gained mutation: You passively map a small area around you.
                  | [potion of mutation]
  1792 | D:3      | Gained mutation: Your body sometimes deteriorates upon
                  | taking damage. [potion of mutation]
  1792 | D:3      | Killed from afar by an orc priest

Illustrated notes

Levels and vault maps discovered:
D:1:      doesnt_arrival_eight_statues, layout_basic, serial_bayou_pond_b
D:2:      layout_basic, minmay_cupped
D:3:      layout_rooms, general_overflow_altar,
          shapermc_ecumenical_altar_notcrosses, interstate_on_off

Skill      XL: |  1  2  3 |
---------------+----------+-----
Unarmed Combat | 3 |  3.9
Throwing       | 2 |  2.1
Armour         | 1 |  1.5
Fighting       | |  2.2
Dodging        | |  2.6
Shields        | |  0.3

Action                   |  1- 3 |  4- 6 || total
-------------------------+-------+-------++-------
Melee: Unarmed           |   152 |    36 ||   188
  Use: Potion            |       |     3 ||     3
       Scroll            |       |     2 ||     2
 Stab: Sleeping          |     2 |       ||     2
       Distracted        |     1 |       ||     1
Armor: Leather armour    |    66 |       ||    66
       Ring mail         |       |    14 ||    14
Dodge: Dodged            |    90 |    19 ||   109
Block: Buckler           |    16 |     1 ||    17

Table legend: (Time is in decaauts)
 A = Elapsed time spent in this place.
 B = Non-inter-level travel time spent in this place.
 C = Inter-level travel time spent in this place.
 D = Time resting spent in this place.
 E = Time spent auto-exploring this place.
 F = Levels seen in this place.
 G = Mean time per level.
                   A        B        C        D        E       F      G
               +--------+--------+--------+--------+--------+-----+--------+
         Total |   1789 |   1692 |     97 |      0 |   1261 |   3 |  596.3 |
       Dungeon |   1789 |   1692 |     97 |      0 |   1261 |   3 |  596.3 |
               +--------+--------+--------+--------+--------+-----+--------+

Top non-repeatable levels by time:
     D:1: 829 daAuts
     D:2: 718 daAuts
     D:3: 241 daAuts
